 Dungeon Crawl Stone Soup version 0.31-a0-232-gb1c03b2570 (webtiles) character file.

Game seed: 6008546349437511424

42 qw the Shooter (level 3, -4/21 HPs)
             Began as a Gargoyle Hexslinger on July 7, 2023.
             Slain by an iguana (6 damage)
             ... on level 3 of the Dungeon.
             The game lasted 00:00:39 (1724 turns).

qw the Shooter (Gargoyle Hexslinger)                Turns: 1724, Time: 00:00:40

Health: -4/21      AC:  8    Str: 11    XL:     3   Next: 54%
Magic:  4/4        EV: 11    Int: 13    God:
Gold:   55         SH:  0    Dex: 14    Spells: 3/4 levels left

rFire   . . .        Y - +1 sling
rCold   . . .        (no shield)
rNeg    + . .        f - +0 leather armour
rPois   inf          (no helmet)
rElec   +            (no cloak)
rCorr   .            c - +1 pair of gloves
SInv    .            (no boots)
Will    +....        (no amulet)
Stlth   +            e - ring of willpower
HPRegen 0.23/turn    (no ring)
MPRegen 0.09/turn

%: no passive effects
@: no status effects
A: sickness immunity, AC +3, negative energy resistance 1, electricity
resistance, torment resistance 1, petrification resistance
a: no special abilities


You were on level 3 of the Dungeon.
You visited 1 branch of the dungeon, and saw 3 of its levels.

You collected 110 gold pieces.
You spent 55 gold pieces at shops.


Innate Abilities, Weirdness & Mutations

You are immune to sickness and miasma.
Your stone body is resilient. (AC +3)
You are immune to poison.
You resist negative energy. (rN+)
You are resistant to electric shocks. (rElec)
You are resistant to unholy torment.
You are immune to petrification.


   Skills:
 - Level 2.0 Fighting
 + Level 3.4 Ranged Weapons
 - Level 1.5 Dodging
 - Level 1.0 Spellcasting
 - Level 2.6 Hexes


You had 3 spell levels left.
You knew the following spells:

 Your Spells              Type           Power      Damage    Failure   Level
a - Slow                  Hex            28%        N/A       12%         1

Your spell library contained the following spells:

 Spells                   Type           Power      Damage    Failure   Level
 Inner Flame              Hex/Fire       4%         N/A       54%         3
 Portal Projectile        Hex/Tloc       8%         N/A       54%         3
 Cause Fear               Hex            3%         N/A       77%         4

Inventory:

Hand Weapons
 Y - a +1 sling (weapon)
Armour
 c - a +1 pair of gloves (worn)
 f - a +0 leather armour (worn)
Jewellery
 e - a ring of willpower (left hand)
Potions
 d - a potion of brilliance {unknown}
 h - a potion of heal wounds {unknown}
 i - a potion of curing

Dungeon Overview and Level Annotations

Branches:
Dungeon (3/15)

Altars:

Shops:
D:2 *


Message History

Waypoint 2 assigned to D:3.
Found a stone staircase leading up.
You feel your willpower return.
An iguana comes into view.
Found a ring mail.
You shoot a sling bullet.
The sling bullet barely misses the iguana.
You shoot a sling bullet. The sling bullet hits the iguana.
The iguana is heavily wounded.
You shoot a sling bullet.
The sling bullet closely misses the iguana.
You shoot a sling bullet.
The sling bullet hits the iguana but does no damage.
The iguana is heavily wounded.
You shoot a sling bullet.
The sling bullet barely misses the iguana.
The iguana bites you!
You shoot a sling bullet. The sling bullet hits the iguana.
The iguana is heavily wounded.
The iguana bites you.
You shoot a sling bullet.
The sling bullet barely misses the iguana.
The iguana closely misses you. The iguana bites you.
You shoot a sling bullet. The sling bullet hits the iguana.
The iguana is severely wounded.
The iguana bites you but does no damage.
You shoot a sling bullet.
The sling bullet closely misses the iguana.
The iguana bites you but does no damage.
You shoot a sling bullet.
The sling bullet barely misses the iguana.
The iguana barely misses you.
You shoot a sling bullet. The sling bullet hits the iguana.
The iguana is almost dead.
The iguana closely misses you. The iguana bites you!
You shoot a sling bullet.
The sling bullet hits the iguana but does no damage.
The iguana is almost dead.
The iguana bites you.
You die...

### ## #.. .# ###
#.# .....## #.#
.#.#... #.# .......
#.#####.###.#.#.#
................#.
#.#..........l......
#.#..####.##@##.#.##
..... #.##.# #...
#.##.# #...###.##..
#.......##..##
##.........<..#
#.#..####..#.# #
#..# #[.#.#
#..####...#


You could see an iguana.

Vanquished Creatures
  A dart slug (D:2)
  2 ball pythons
  2 endoplasms
  4 giant cockroaches
  6 hobgoblins
  3 jackals (D:2)
  3 kobolds (D:2)
  4 quokkas
  2 bats (D:2)
  2 frilled lizards (D:2)
  2 goblins
  4 rats (D:2)
35 creatures vanquished.

Notes
Turn   | Place    | Note
-------+----------+-------------------------------------------
     0 | D:1      | qw the Gargoyle Hexslinger began the quest for the Orb.
     0 | D:1      | Reached XP level 1. HP: 12/12 MP: 2/2
     0 | D:1      | 0 ||| qw: Version: 0.3-a-46-gb1f654a
     0 | D:1      | 0 ||| qw: Game counter: 2392
     0 | D:1      | 0 ||| qw: Melee chars always use a shield: true
     0 | D:1      | 0 ||| qw: God list: Okawaru
     0 | D:1      | 0 ||| qw: Allow faded altars: false
     0 | D:1      | 0 ||| qw: Do Orc after clearing Dungeon:15 true
     0 | D:1      | 0 ||| qw: Do second Lair branch before Depths: true
     0 | D:1      | 0 ||| qw: Lair rune preference: random
     0 | D:1      | 0 ||| qw: Goals: Normal
     0 | D:1      | 0 ||| PLANNING D:1-11
   380 | D:1      | Reached XP level 2. HP: 16/16 MP: 3/3
   714 | D:1      | 714 ||| UPGRADING to +0 leather armour.
   724 | D:1      | 724 ||| DROPPING +0 robe.
   725 | D:1      | 725 ||| UPGRADING to ring of willpower.
   726 | D:1      | 726 ||| READING scroll labelled WEILIEP IRGHOCE.
   730 | D:1      | 730 ||| READING scroll labelled EBEZAM XEICZOP.
   731 | D:1      | 731 ||| DROPPING scroll of poison.
   774 | D:2      | Reached skill level 3 in Ranged Weapons
   892 | D:2      | Reached XP level 3. HP: 11/21 MP: 4/4
  1132 | D:2      | Found Qathra's Assorted Antiques.
  1141 | D:2      | 1141 ||| BUYING fizzy ruby potion (26 gold).
  1141 | D:2      | Bought a fizzy ruby potion for 26 gold pieces
  1141 | D:2      | 1141 ||| SHOPLISTING lead wand (116 gold, have 51).
  1141 | D:2      | 1141 ||| BUYING scroll labelled KIWKIG EDDOPS (29 gold).
  1141 | D:2      | Bought a scroll labelled KIWKIG EDDOPS for 29 gold pieces
  1646 | D:2      | 1646 ||| UPGRADING to +0 pair of gloves.
  1651 | D:2      | 1651 ||| READING scroll labelled FOGUFRE QUFUI.
  1652 | D:2      | 1652 ||| READING scroll labelled SYSOITHI PIDODD.
  1653 | D:2      | 1653 ||| READING scroll labelled XAISEL ORENE.
  1654 | D:2      | 1654 ||| READING 2 scrolls labelled KIWKIG EDDOPS.
  1655 | D:2      | 1655 ||| READING scroll of enchant armour.
  1655 | D:2      | 1655 ||| ENCHANTING +0 pair of gloves.
  1656 | D:2      | 1656 ||| READING scroll labelled ITUKKE JAMINAO.
  1657 | D:2      | 1657 ||| READING scroll labelled KEENAE XUTU.
  1671 | D:2      | 1671 ||| READING scroll labelled UNONED NARAO.
  1672 | D:2      | 1672 ||| DRINKING 2 fizzy ruby potions.
  1723 | D:3      | HP: 1/21 [iguana (8)]
  1724 | D:3      | Slain by an iguana

Levels and vault maps discovered:
D:1:      lemuel_arrival_muddy, layout_basic
D:2:      layout_loops_ring, serial_shops, nicolae_shop_advertising_works
          [nicolae_subvault_shop_adworks], st_stairs_1, grunt_ministairs_8,
          kennysheep_generic_room_6
D:3:      layout_loops_ring, eat_drink_and_be_merry_uskayaw, slow_altar_2,
          kennysheep_generic_room_14

Skill      XL: |  1  2 |
---------------+-------+-----
Ranged Weapons | 3 |  3.4
Fighting       | 2 |  2.0
Dodging        | |  1.5
Spellcasting   | |  1.0
Hexes          | |  2.6

Action                     || total
---------------------------++-------
   Fire: Sling             ||   140
    Use: Scroll            ||    10
         Potion            ||     1
 Armour: Robe              ||     4
         Leather armour    ||    32
  Dodge: Dodged            ||    56

Table legend:
 A = Non-vault XP
 B = Vault XP
 C = Vault XP percentage of total XP
 D = Non-vault monster count
 E = Vault monster count
 F = Vault count percentage of total count
                 A         B        C        D         E       F
            +---------+---------+-------+---------+---------+-------
      Total |      47 |      13 |  21.7 |      28 |       7 |  20.0
            +---------+---------+-------+---------+---------+-------
        D:1 |      13 |       0 |   0.0 |       7 |       0 |   0.0
        D:2 |      34 |      13 |  27.7 |      21 |       7 |  25.0
            +---------+---------+-------+---------+---------+-------
